 Dungeon Crawl Stone Soup version 0.18.1-48-g4cf74bf (webtiles) character file.

298 Gargoyl the Skirmisher (level 6, -2/48 HPs)
             Began as a Demonspawn Abyssal Knight on July 18, 2016.
             Was a Priest of Lugonu.
             Slain by an orc warrior
             ... wielding a +0 mace
              (19 damage)
             ... on level 4 of the Dungeon.
             The game lasted 00:06:16 (3645 turns).

Gargoyl the Skirmisher (Demonspawn Abyssal Knight)  Turns: 3645, Time: 00:06:17

Health: -2/48      AC: 12    Str: 11 (14) XL:     6   Next: 13%
Magic:  7/7        EV:  2    Int: 11 (13) God:    Lugonu [***...]
Gold:   218        SH:  3    Dex: 11 (13) Spells: 0 memorised, 5 levels left

rFire  . . .     SeeInvis .     a - +1 hand axe
rCold  . . .     Gourm    .     r - +0 plate armour
rNeg   . . .     Faith    .     n - +0 buckler
rPois  .         Spirit   .     (no helmet)
rElec  .         Dismiss  .     (no cloak)
rCorr  .         Reflect  .     (no gloves)
SustAt .         Harm     .     t - +0 pair of boots
MR     .....                    (no amulet)
Stlth  ..........               (no ring)
                                (no ring)

@: not resistant to hostile enchantments, extremely unstealthy
A: hooves 2, powered by death 1, rot immunity
a: Depart the Abyss, Bend Space, Banish, Renounce Religion


You were on level 4 of the Dungeon.
You worshipped Lugonu.
Lugonu was most pleased with you.
You were hungry.

You visited 1 branch of the dungeon, and saw 4 of its levels.
You visited the Abyss 1 time.

You collected 218 gold pieces.

Inventory:

Hand Weapons
 a - a +1 hand axe (weapon)
Missiles
 l - 7 javelins (quivered)
Armour
 n - a +0 buckler (worn)
 r - a +0 plate armour (worn)
 t - a +0 pair of boots (worn)
Wands
 s - a wand of slowing (20/48)
 v - a wand of slowing (16/48)
Scrolls
 b - a scroll of recharging {unknown}
 e - 2 scrolls of amnesia {unknown}
 f - a scroll of enchant armour {unknown}
 g - 4 scrolls of teleportation {unknown}
 j - a scroll of magic mapping {unknown}
 o - 4 scrolls of identify {unknown}
 p - a scroll of random uselessness {unknown}
 q - 2 scrolls of remove curse {unknown}
 u - a scroll of fear {unknown}
 w - a scroll of fog {unknown}
Potions
 i - a potion of magic
 k - 2 potions of cancellation
Comestibles
 c - 3 bread rations
 d - a slice of pizza
 h - a beef jerky
 m - a meat ration


   Skills:
 + Level 4.2 Fighting
 + Level 3.0 Axes
 + Level 3.7 Armour
 + Level 2.4 Dodging
 + Level 2.6 Invocations


You had 5 spell levels left.
You didn't know any spells.

Dungeon Overview and Level Annotations

Branches:
Dungeon (4/15)             Temple (0/1) D:4

Altars:
Fedhas
Nemelex Xobeh


Innate Abilities, Weirdness & Mutations

You have hoof-like feet.
You regenerate a little health from kills.
You are immune to rotting.


Message History

You hit the orc warrior but do no damage.
You completely miss the orc wizard. The orc wizard hits you with a dagger.
The orc warrior hits you with a mace.
You closely miss the orc wizard. You hit the orc.
The orc is heavily wounded.
You completely miss the orc warrior.
You hit the orc wizard but do no damage.
The orc wizard hits you but does no damage.
The orc barely misses you. The orc wizard hits you with a dagger.
The orc warrior hits you with a mace!
The orc wizard hits you but does no damage.
Your shield and plate armour prevent you from hitting the orc wizard.
You completely miss the orc.
The orc is heavily wounded.
You hit the orc warrior but do no damage.
Your plate armour prevents you from hitting the orc wizard.
The orc wizard gestures at you while chanting.
The puff of flame hits you! The orc hits you but does no damage.
The orc warrior hits you with a mace!!
You die...

...<.......#.##......#
###.....#.#.##......#
#...###.#.##..(...#
#...# #.#.##......#
#...# #.#.##......#
#...###.#.##......#
#.......#.##......##
#...o...#..'........
###@########......##
#..ooo..# #........
#...o...# ####.....
#...>...+ +.....
#.......# #.....
#.......# #.....
####+#### #.....


You could see an orc warrior, 3 orc wizards and an orc.

Vanquished Creatures
  2 orc priests (D:3)
  2 orc wizards (D:3)
  6 adders
  2 oozes
  2 worms
  A dart slug (D:4)
  A giant gecko (D:1)
  13 orcs (D:3)
  A ball python (D:3)
  5 giant cockroaches
  8 goblins
  7 hobgoblins
  3 jackals (D:1)
  11 kobolds
  A quokka (D:4)
  5 bats
  2 giant newts
  5 rats
77 creatures vanquished.

Vanquished Creatures (others)
  An orc wizard (D:3)
  A rat (D:3)
2 creatures vanquished.

Grand Total: 79 creatures vanquished

Notes
Turn   | Place    | Note
--------------------------------------------------------------
     0 | Abyss:1  | Gargoyl the Demonspawn Abyssal Knight began the quest for the Orb.
     0 | Abyss:1  | Reached XP level 1. HP: 18/18 MP: 2/2
    27 | Abyss:1  | Found a corrupted altar of Lugonu.
    38 | Abyss:2  | Noticed an efreet
    40 | D:1      | Escaped the Abyss
    94 | D:1      | Noticed an ogre
    94 | D:1      | Noticed a troll
    94 | D:1      | Noticed an ogre
    96 | D:1      | Noticed an ogre
   105 | D:1      | Noticed an ogre
   189 | D:1      | Gained mutation: You have large cloven feet. [demonic ancestry]
   189 | D:1      | Reached XP level 2. HP: 22/24 MP: 3/3
   573 | D:1      | Reached skill level 1 in Dodging
   668 | D:1      | Reached * piety under Lugonu
   997 | D:1      | Gained mutation: You are immune to rotting. [demonic ancestry]
   997 | D:1      | Reached XP level 3. HP: 28/29 MP: 4/4
  1755 | D:2      | Found a sparkling altar of Nemelex Xobeh.
  1908 | D:2      | Gained mutation: You regenerate a little health from kills. [demonic ancestry]
  1908 | D:2      | Reached XP level 4. HP: 36/37 MP: 5/5
  1964 | D:2      | Found a faded altar to an unknown god.
  1972 | D:2      | Reached ** piety under Lugonu
  2410 | D:3      | Reached XP level 5. HP: 11/42 MP: 6/6
  2693 | D:3      | Reached skill level 4 in Fighting
  3116 | D:3      | Reached *** piety under Lugonu
  3124 | D:3      | HP: 1/42 [orc priest/divine providence (15)]
  3138 | D:3      | Gained mutation: You have hoof-like feet. [demonic ancestry]
  3138 | D:3      | Reached XP level 6. HP: 17/48 MP: 7/7
  3504 | D:4      | Found a blossoming altar of Fedhas.
  3640 | D:4      | Found a staircase to the Ecumenical Temple.
  3640 | D:4      | Noticed an orc warrior
  3645 | D:4      | Slain by an orc warrior

Skill      XL: |  1  2  3  4  5 |
---------------+----------------+-----
Axes           | 2 3 |  3.0
Armour         | 2 3 |  3.7
Dodging        | 1 2 |  2.4
Fighting       | 4 |  4.2
Invocations    | |  2.6

Action                   |  1- 3 |  4- 6 || total
-------------------------+-------+-------++-------
Melee: Hand axe          |   152 |   227 ||   379
       Kick              |    21 |     2 ||    23
Invok: Depart the Abyss  |     1 |       ||     1
  Use: Potion            |       |     7 ||     7
  Eat: Chunk             |     3 |     6 ||     9
Armor: Ring mail         |    98 |    16 ||   114
       Plate armour      |       |   136 ||   136
Dodge: Dodged            |    94 |    41 ||   135
Block: Buckler           |       |     6 ||     6
